 Dungeon Crawl Stone Soup version 0.25-a0-1133-g93ebf739aa (webtiles) character file.

Game seed: 2216076522337419723, levelgen mode: deterministic

23 Flugslaktarn the Covered (level 2, -2/27 HPs)
             Began as a Deep Dwarf Fighter on May 20, 2020.
             Slain by Sigmund
             ... wielding a +1 scythe of flaming
              (7 damage)
             ... on level 2 of the Dungeon.
             The game lasted 00:00:14 (314 turns).

Flugslaktarn the Covered (Deep Dwarf Fighter)        Turns: 314, Time: 00:00:15

Health: -2/27      AC:  6    Str: 19    XL:     2   Next: 72%
Magic:  2/2        EV:  7    Int:  8    God:
Gold:   0          SH:  9    Dex: 12    Spells: 1/1 levels left

rFire    . . .     SeeInvis .   a - +0 war axe
rCold    . . .     Gourm    .   c - +0 kite shield
rNeg     . . .     Faith    .   b - +0 scale mail
rPois    .         Spirit   .   (no helmet)
rElec    .         Reflect  .   (no cloak)
rCorr    .         Harm     .   (no gloves)
MR       .....                  (no boots)
Stlth    ..........             (no amulet)
HPRegen  0.00/turn              (no ring)
MPRegen  0.08/turn              (no ring)

@: non-regenerating
A: damage resistance, heal wounds, sense surroundings 1, no regeneration
a: Heal Wounds


You were on level 2 of the Dungeon.
You were not hungry.

You visited 1 branch of the dungeon, and saw 2 of its levels.

Inventory:

Hand Weapons
 a - a +0 war axe (weapon)
Armour
 b - a +0 scale mail (worn)
 c - a +0 kite shield (worn)
Scrolls
 f - a scroll of remove curse {unknown}
 g - 3 scrolls of enchant weapon {unknown}
 i - a scroll of identify {unknown}
Potions
 d - a potion of might
 j - a potion of heal wounds {unknown}
Comestibles
 e - 3 rations
 h - 6 chunks of flesh


   Skills:
 + Level 2.9 Fighting
 * Level 2.9 Axes
 + Level 3.5 Armour
 + Level 3.5 Shields


You had one spell level left.
You didn't know any spells.
Your spell library was empty.

Dungeon Overview and Level Annotations

Branches:
Dungeon (2/15)

Altars:

Annotations:
D:2 Sigmund


Innate Abilities, Weirdness & Mutations

You are resistant to damage.
You can heal yourself by infusing magical energy.
You passively map a small area around you.
You do not regenerate.


Message History

You slash something! Something hits you! Something burns you.
You hit something.
You hear some strange, mumbled words.
A puff of flame appears from out of thin air!
The puff of flame hits you.
You barely miss something. You block something's attack.
You hit something but do no damage. Something hits you! Something burns you.
* * * LOW HITPOINT WARNING * * *
You feel much better.
Your shield prevents you from hitting something.
Something hits you. Something burns you.
You miss something.
You hear some strange, mumbled words.
A magic dart appears from out of thin air!
The magic dart hits you! Something hits you. Something burns you.
You hit something. Something hits you! Something burns you.
* * * LOW HITPOINT WARNING * * *
Your shield and scale mail prevent you from hitting something.
Something hits you!
You die...

##### #...# ######
*, #...# #....#, <
#####...#######....#
* *
..............'....+
,
####....######....#
,, #....# ##...#,
##....### #.### , ,
#.......# #@#, ,,
#.......# #{#
#.....).# **#.#, *
#.......# ..# * * ,
* #.......# * ..# ,
#.......# *...# **
#.......# ...# , , *
#.......# #...# .# ,
#.......#####+###..


There were no monsters in sight!

Vanquished Creatures
  An adder (D:2)
  A worm (D:2)
  2 leopard geckos (D:2)
  A kobold (D:1)
  2 bats (D:2)
  A frilled lizard (D:1)
  A goblin (D:2)
  2 rats
11 creatures vanquished.

Notes
Turn   | Place    | Note
-------+----------+-------------------------------------------
     0 | D:1      | Flugslaktarn the Deep Dwarf Fighter began the quest for the
                  | Orb.
     0 | D:1      | Reached XP level 1. HP: 20/20 MP: 1/1
   155 | D:2      | Reached XP level 2. HP: 24/27 MP: 2/2
   238 | D:2      | HP: 1/27 [worm (6)]
   300 | D:2      | Noticed Sigmund
   314 | D:2      | Slain by Sigmund

Illustrated notes

Levels and vault maps discovered:
D:1:      heliophobic_arrival_enchanted_forest, layout_basic,
          serial_bayou_ford_a
D:2:      layout_basic, nrook_mini_vaults, uniq_sigmund

Action                   || total
-------------------------++-------
Melee: War axe           ||    52
 Abil: Heal Wounds       ||     3
Armor: Scale mail        ||    23
Dodge: Dodged            ||    20
Block: Kite shield       ||    27

Table legend:
 A = Non-vault XP
 B = Vault XP
 C = Vault XP percentage of total XP
 D = Non-vault monster count
 E = Vault monster count
 F = Vault count percentage of total count
                 A         B        C        D         E       F
            +---------+---------+-------+---------+---------+-------
      Total |      33 |       0 |   0.0 |      11 |       0 |   0.0
            +---------+---------+-------+---------+---------+-------
        D:1 |       4 |       0 |   0.0 |       3 |       0 |   0.0
        D:2 |      29 |       0 |   0.0 |       8 |       0 |   0.0
            +---------+---------+-------+---------+---------+-------
